 Dungeon Sprint DCSS version 0.28.0-45-g0d030f2227 (webtiles) character file.

Game seed: 12895780581984995669

1883 boopmooplesden the Fencer (level 8, -6/135 HPs)
             Began as a Minotaur Berserker on Apr 20, 2022.
             Was a High Priest of Trog.
             Mangled by a sun demon (24 damage)
             ... summoned by an orc high priest
             ... in the Dungeon (Sprint III: "The Ten Rune Challenge").
             The game lasted 00:02:04 (1351 turns).

boopmooplesden the Fencer (Minotaur Berserker)      Turns: 1351, Time: 00:02:04

Health: -6/135     AC:  6    Str: 23    XL:     8   Next: 92%
Magic:  7/7        EV: 10    Int:  4    God:    Trog [*****.]
Gold:   48         SH:  0    Dex: 11    Spells: 7/7 levels left

rFire   + . .      SeeInvis .   a - +4 great sword (flame)
rCold   . . .      Faith    .   (shield currently unavailable)
rNeg    . . .      Spirit   .   p - +0 chain mail
rPois   .          Reflect  .   (helmet restricted)
rElec   .          Harm     .   (no cloak)
rCorr   .          Rampage  .   (no gloves)
Will    +....      NoTele   +   (no boots)
Stlth   ..........              (no amulet)
HPRegen 0.32/turn               (no ring)
MPRegen 0.10/turn               (no ring)

@: berserking, very quick
A: horns 2, retaliatory headbutt, hooves 1, deformed body, fire resistance 1,
strong-willed 1
a: Renounce Religion, Berserk, Trog's Hand, Brothers in Arms


You were in the Dungeon.
You worshipped Trog.
Trog was extremely pleased with you.
You visited 1 branch You collected 48 gold pieces.

Inventory:

Hand Weapons
 a - a +4 great sword of flaming (weapon)
 b - a +2 long sword of holy wrath
Armour
 p - a +0 chain mail (worn)
Wands
 n - a wand of mindburst (13)
Scrolls
 h - a scroll of blinking
 i - a scroll of torment {unknown}
 j - 2 scrolls of identify {unknown}
 l - a scroll of immolation {unknown}
Potions
 c - a potion of curing
 d - a potion of heal wounds
 e - a potion of haste
 f - 2 potions of magic
 g - a potion of berserk rage
 k - 2 potions of flight {unknown}
 m - 4 potions of mutation
 o - a potion of might
Miscellaneous
 q - a lightning rod (2/4)


   Skills:
 + Level 14.8 Fighting
 + Level 15.9 Long Blades
 + Level 7.9 Armour
 + Level 6.8 Dodging
 + Level 1.4 Stealth


You had 7 spell levels left.
You didn't know any spells.
Your spell library was empty.

Dungeon Overview and Level Annotations

Branches:
Dungeon (1/1)

Altars:
Cheibriados
Dithmenos
Elyvilon
Fedhas
Gozag
Hepliaklqana
Kikubaaqudgha
Makhleb
Nemelex Xobeh
Okawaru
Qazlal
Ru
Sif Muna
Trog
Uskayaw
Vehumet
Wu Jian
Xom
Yredelemnul
Zin
The Shining One
Beogh
Jiyva
Lugonu

Shops:
D (


Innate Abilities, Weirdness & Mutations

You have a pair of horns on your head.
You reflexively headbutt those who attack you in melee.
You have large cloven feet.
Armour fits poorly on your strangely shaped body.
Your flesh is heat resistant. (rF+)
You are strong-willed. (Will+)


Message History

An orc comes into view. It is wielding a +0 flail.
There are monsters nearby!
Aiming: Thunderbolt
Press: ? - help, Shift-Dir - straight line, f/p - orc high priest
Aim: an orc high priest, wielding a +0 war axe (lightly wounded)
The thunderbolt hits the orc high priest!
The orc high priest is moderately wounded.
The thunderbolt hits the hellwing!
The hellwing is moderately wounded.
The thunderbolt hits the sun demon.
The sun demon resists.
The sun demon is lightly wounded.
You hear a shout! x3
You slash the sun demon!
The sun demon is moderately wounded.
The orc high priest mumbles some strange prayers to Beogh.
The sun demon hits you!!
You are engulfed in flames!
You resist.
You hit the sun demon. You headbutt the sun demon!
The sun demon is severely wounded.
The sun demon hits you!
You are engulfed in flames!
You resist.
You hit the sun demon. Your kick misses the sun demon.
The sun demon is severely wounded.
The sun demon hits you!
You are engulfed in flames!
You resist.
* * * LOW HITPOINT WARNING * * *
The hellwing swoops through the air toward you!
The hellwing misses you. The hellwing hits you.
* * * LOW HITPOINT WARNING * * *
A red film seems to cover your vision as you go berserk!
You feel yourself moving faster!
You feel mighty!
The sun demon hits you but does no damage.
The hellwing hits you!
* * * LOW HITPOINT WARNING * * *
The hellwing barely misses you.
You hit the sun demon but do no damage. Your headbutt misses the sun demon.
The sun demon is severely wounded.
The sun demon closely misses you.
An orc warrior comes into view. It is wielding a +0 halberd.
You hit the sun demon but do no damage. Your headbutt misses the sun demon.
The sun demon is severely wounded.
The sun demon hits you!!
You die...

♣.############
♣♣.#___#___#__#∩##$
♣..#†..#__)#)_#.$o
♣♣..###'#'###'##.$.
.♣♣.#...)......#4.
♣♣♣.'.⌠[.......#oo
≈...#...######'#o#
....#.⌠.#__#...#3#####
....#...#__#...#@§§§§+
....#'###__#...#4#§§§#
....#)).#__#...§§#§§§#
....#___#__'...#.#...#
▓▓▓▓▓▓▓▓▓▓▓▓▓▓▓▓▓▓▓▓▓▓


You could see a sun demon (summoned), a hellwing (summoned) and an orc.

Vanquished Creatures
  Josephine (D)
  A deep elf pyromancer (D)
  A shadow (D)
  A spatial vortex (D)
  A necrophage (D)
  A water elemental (D)
  A jelly (D)
  A wizard (D)
  A necromancer (D)
  3 humans (D)
  A kobold demonologist (D)
  A phantom (D)
  An endoplasm (D)
  3 rats (D)
18 creatures vanquished.

Notes
Turn   | Place    | Note
-------+----------+-------------------------------------------
     0 | D        | boopmooplesden the Minotaur Berserker began the quest for
                  | the Orb.
     0 | D        | Reached XP level 1. HP: 19/19 MP: 0/0
     4 | D        | Reached skill level 4 in Long Blades
    14 | D        | Reached ** piety under Trog
    48 | D        | Reached skill level 5 in Fighting
    48 | D        | Reached skill level 5 in Long Blades
    48 | D        | Reached XP level 2. HP: 29/29 MP: 1/1
   194 | D        | Gained mutation: You have large cloven feet. [potion of
                  | mutation]
   194 | D        | Gained mutation: You are strong-willed. (Will+) [potion of
                  | mutation]
   194 | D        | Gained mutation: Armour fits poorly on your strangely
                  | shaped body. [potion of mutation]
   194 | D        | Gained mutation: Your flesh is heat resistant. (rF+)
                  | [potion of mutation]
   210 | D        | Noticed a water elemental
   213 | D        | Killed a water elemental
   214 | D        | Reached skill level 7 in Long Blades
   214 | D        | Reached XP level 3. HP: 39/39 MP: 2/2
   214 | D        | Reached XP level 4. HP: 47/47 MP: 3/3
   274 | D        | Found a radiant altar of Vehumet.
   276 | D        | Found a shimmering blue altar of Sif Muna.
   276 | D        | Found an ancient bone altar of Kikubaaqudgha.
   276 | D        | Noticed a wizard
   290 | D        | Killed a wizard
   290 | D        | Reached *** piety under Trog
   293 | D        | Reached skill level 8 in Long Blades
   533 | D        | Found a basalt altar of Yredelemnul.
   533 | D        | Found a shadowy altar of Dithmenos.
   533 | D        | Found a sacrificial altar of Ru.
   533 | D        | Noticed a necrophage
   538 | D        | Killed a necrophage
   539 | D        | Reached skill level 9 in Long Blades
   539 | D        | Reached XP level 5. HP: 49/57 MP: 4/4
   540 | D        | Reached **** piety under Trog
   541 | D        | Reached skill level 10 in Long Blades
   674 | D        | Found a hide-covered altar of Uskayaw.
   674 | D        | Found an iron altar of Okawaru.
   675 | D        | Found a bloodstained altar of Trog.
   675 | D        | Found an ornate altar of the Wu Jian Council.
   675 | D        | Noticed a human
   675 | D        | Noticed a human
   679 | D        | Killed a human
   680 | D        | Reached skill level 10 in Fighting
   680 | D        | Reached skill level 11 in Long Blades
   680 | D        | Reached skill level 5 in Armour
   680 | D        | Reached skill level 5 in Dodging
   680 | D        | Reached XP level 6. HP: 67/67 MP: 5/5
   682 | D        | Killed a human
   683 | D        | Reached skill level 12 in Long Blades
   735 | D        | Found a glowing silver altar of Zin.
   737 | D        | Found a glowing golden altar of the Shining One.
   737 | D        | Found a white marble altar of Elyvilon.
   737 | D        | Noticed a deep elf pyromancer
   742 | D        | Killed a deep elf pyromancer
   742 | D        | Reached ***** piety under Trog
   743 | D        | Reached skill level 13 in Long Blades
   743 | D        | Reached XP level 7. HP: 79/79 MP: 6/6
   785 | D        | Noticed a shadow
   789 | D        | Killed a shadow
   790 | D        | Reached skill level 14 in Long Blades
   790 | D        | Reached skill level 1 in Stealth
   790 | D        | Reached XP level 8. HP: 70/86 MP: 7/7
   791 | D        | Received a gift from Trog
   912 | D        | Found a blossoming altar of Fedhas.
   912 | D        | Found a stormy altar of Qazlal.
   913 | D        | Found a snail-covered altar of Cheibriados.
   913 | D        | Found a burning altar of Makhleb.
   913 | D        | Found a hazy altar of Hepliaklqana.
   913 | D        | Found a shimmering altar of Xom.
   913 | D        | Found an opulent altar of Gozag.
   913 | D        | Found a sparkling altar of Nemelex Xobeh.
   913 | D        | Found a corrupted altar of Lugonu.
   913 | D        | Found a viscous altar of Jiyva.
  1017 | D        | Noticed Josephine
  1023 | D        | Killed Josephine
  1024 | D        | Reached skill level 15 in Long Blades
  1341 | D        | Found Xumibil's Weapon Shoppe.
  1342 | D        | Noticed an orc high priest
  1344 | D        | Noticed a sun demon
  1344 | D        | Noticed a hellwing
  1347 | D        | Noticed an ice devil
  1351 | D        | Mangled by a sun demon

Illustrated notes

Levels and vault maps discovered:
D:        dungeon_sprint_mu [sprint_mu_entry_forest, sprint_mu_temple_rooms,
          sprint_mu_d1_horrors, sprint_mu_d2_genie, sprint_mu_d3_branching,
          sprint_mu_orc_legion, sprint_mu_elf_gauntlet, sprint_mu_hive_nellie,
          sprint_mu_lair_fedhas, sprint_mu_vaults_butterflies,
          sprint_mu_slime_circle, sprint_mu_shoals_archi,
          sprint_mu_snake_twists, sprint_mu_blade_basic,
          sprint_mu_crypt_chambers, sprint_mu_tomb_spiral,
          sprint_mu_vestibule_basic, sprint_mu_gehenna_hellfire,
          sprint_mu_dis_giant, sprint_mu_tartarus_statrot,
          sprint_mu_cocytus_islands, sprint_mu_zot1]

Skill      XL: |  1  2  3  4  5  6  7  8 |
---------------+-------------------------+-----
Fighting       | 5 7 9 10 13 14 | 14.8
Long Blades    | 5 7 9 11 13 14 15 | 15.9
Armour         | 3 4 5 6 7 |  7.9
Dodging        | 3 4 5 6 |  6.8
Stealth        | 1 |  1.4

Action                   |  1- 3 |  4- 6 |  7- 9 || total
-------------------------+-------+-------+-------++-------
Melee: Falchion          |    17 |    30 |       ||    47
       Headbutt          |     4 |     3 |     8 ||    15
       Punch             |     2 |     1 |       ||     3
       Kick              |     1 |     7 |     3 ||    11
       Long sword        |       |       |    14 ||    14
       Great sword       |       |       |     5 ||     5
Invok: Berserk           |     2 |     4 |     2 ||     8
Evoke: Lightning rod     |       |       |     2 ||     2
  Use: Potion            |     1 |       |     1 ||     2
Armor: Animal skin       |     3 |     1 |       ||     4
       Chain mail        |       |       |     2 ||     2
Dodge: Dodged            |    11 |     4 |     5 ||    20
